 Dungeon Crawl Stone Soup version 0.30-a0-540-g0af01429fa (webtiles) character file.

Game seed: 12229342453080115014

2547 PyroL the Firebug (level 9, -7/61 HPs)
             Began as an Octopode Fire Elementalist on Dec 26, 2022.
             Was an Initiate of Ashenzari.
             Mangled by a hornet (10 damage)
             ... on level 7 of the Dungeon.
             The game lasted 00:15:55 (8297 turns).

PyroL the Firebug (Octopode Fire Elementalist)      Turns: 8297, Time: 00:15:55

Health: -7/61      AC:  3    Str: 13    XL:     9   Next: 56%
Magic:  0/17       EV: 12    Int: 22    God:    Ashenzari [......]
Gold:   114        SH:  4    Dex: 12    Spells: 9/19 levels left

rFire   + . .      SeeInvis .    g - +3 dagger (elec)
rCold   . . .      Faith    .    C - +0 buckler
rNeg    . . .      Spirit   +    v - +2 hat
rPois   .          Reflect  .    w - amulet of guardian spirit
rElec   .          Harm     .    b - ring of protection from fire
rCorr   +          Rampage  .    l - +6 ring of strength
Will    +....                    z - ring of willpower
Stlth   +++                      j - ring of resist corrosion
HPRegen 0.30/turn                (no ring)
MPRegen 0.15/turn                (no ring)
                                 (no ring)
                                 (no ring)

@: lethally poisoned (-7 -> -13), slowed, very slow
A: almost no armour, amphibious, 8 rings, camouflage 1, gelatinous body 1,
(nimble swimmer 1), tentacles
a: Renounce Religion


You were on level 7 of the Dungeon.
You worshipped Ashenzari.
Ashenzari was noncommittal.
You visited 2 branches of the dungeon, and saw 8 of its levels.

You collected 303 gold pieces.
You spent 189 gold pieces at shops.

Inventory:

Hand Weapons
 g - a +3 dagger of electrocution (weapon)
Missiles
 f - 3 atropa-tipped darts
 x - 13 poisoned darts
Armour
 v - a +2 hat (worn)
 C - a +0 buckler (worn)
Jewellery
 b - a ring of protection from fire (left tentacle)
 j - a ring of resist corrosion (on tentacle)
 l - a +6 ring of strength (right tentacle)
 w - an amulet of guardian spirit (around mantle)
 z - a ring of willpower (on tentacle)
Wands
 D - a wand of paralysis (11)
Scrolls
 c - a scroll of noise {unknown}
 d - 2 scrolls of immolation
 e - 2 scrolls of fear
 h - a scroll of magic mapping {unknown}
 m - a scroll of vulnerability
 n - a scroll of enchant weapon {unknown}
 o - a scroll of teleportation {unknown}
 p - a scroll of butterflies {unknown}
 r - a scroll of blinking {unknown}
 t - a scroll of poison {unknown}
 y - a scroll of amnesia {unknown}
Potions
 a - 3 potions of magic
 i - 2 potions of curing {unknown}
 k - a potion of brilliance
 q - a potion of might {unknown}
 s - a potion of resistance
 u - 3 potions of flight
 A - a potion of heal wounds {unknown}
 B - a potion of berserk rage {unknown}


   Skills:
 - Level 5.4 Fighting
 - Level 2.0 Dodging
 - Level 2.6 Stealth
 + Level 1.7 Shields
 - Level 5.7 Spellcasting
 - Level 5.4 Conjurations
 - Level 3.0 Hexes
 - Level 7.6 Fire Magic


You had 9 spell levels left.
You knew the following spells:

 Your Spells              Type           Power      Damage    Failure   Level
a - Foxfire               Conj/Fire      100%       2x1d9     1%          1
b - Scorch                Fire           78%        2d8       1%          2
c - Inner Flame           Hex/Fire       29%        N/A       4%          3
d - Flame Wave            Conj/Fire      34%        2d10      9%          4

Your spell library contained the following spells:

 Spells                   Type           Power      Damage    Failure   Level
 Kiss of Death            Conj/Necr      72%        2d10      4%          1
 Confusing Touch          Hex            19%        N/A       11%         3
 Kindle Blastsparks       Fire/Tloc/Air  34%        2d12      13%         3
 Sublimation of Blood     Necr           6%         N/A       19%         2
 Irradiate                Conj/Tmut      9%         3d14      75%         5
 Dispel Undead            Necr           6%         3d8       77%         4
 Passage of Golubria      Tloc           6%         N/A       77%         4
 Petrify                  Tmut/Erth      6%         N/A       77%         4
 Silence                  Hex/Air        6%         N/A       88%         5
 Lehudib's Crystal Spear  Conj/Erth      9%         10d4      100%        8


Dungeon Overview and Level Annotations

Branches:
Dungeon (7/15)             Temple (1/1) D:7

Altars:
Ashenzari
Cheibriados
Dithmenos
Elyvilon
Fedhas
Gozag
Hepliaklqana
Kikubaaqudgha
Makhleb
Nemelex Xobeh
Okawaru
Qazlal
Ru
Sif Muna
Trog
Uskayaw
Vehumet
Wu Jian
Xom
Yredelemnul
Zin
The Shining One

Shops:
D:4 [


Innate Abilities, Weirdness & Mutations

You cannot wear most types of armour.
You are amphibious.
You can wear up to eight rings at the same time.
Your skin changes colour to match your surroundings (Stealth+).
Your rubbery body absorbs attacks. (AC +1, EV +1)
((You are camouflaged when in or above water. (Stealth+)))
You have tentacles for arms and can constrict up to eight enemies at once.


Message History

The hornet closely misses you.
Casting: Scorch (safe; 1% risk of failure)
Confirm with . or Enter, or press ? or * to list all spells.
Flames lash the hornet.
The hornet is burned terribly!
The hornet is severely wounded.
The hornet stings you!
You suddenly lose the ability to move!
The hornet stings you.
You feel yourself slow down.
You feel yourself speed up.
The hornet stings you but does no damage.
The hornet stings you!
You are poisoned.
You feel yourself slow down. The hornet stings you!
You are more poisoned.
You shrug off the repeated paralysis!
You can move again.
Casting: Scorch (safe; 1% risk of failure)
Confirm with . or Enter, or press ? or * to list all spells.
Aiming: Inner Flame (dangerous; 4% risk of failure)
Press: ? - help, Dir - move target, f - hornet
Aim: a hornet (severely wounded, more vulnerable to fire, chance to affect: 77%)
The hornet barely resists.
You feel extremely sick. You block the hornet's attack.
The hornet barely misses you.
Unknown command.
Casting: Inner Flame (dangerous; 4% risk of failure)
Confirm with . or Enter, or press ? or * to list all spells.
You don't have enough magic to cast this spell.
Casting: Inner Flame (dangerous; 4% risk of failure)
Confirm with . or Enter, or press ? or * to list all spells.
You conjure some foxfire!
You feel yourself speed up.
You feel very sick. The hornet stings you!
* * * LOW HITPOINT WARNING * * *
You feel yourself slow down. The hornet closely misses you.
Your foxfire dissipates!
* * * LOW HITPOINT WARNING * * *
You feel very sick. The hornet stings you!
You die...

....... .......
.(.y.# ### .....##
#:. ......+
#.######...#
#.##.......#
#y##.###...####.
#@##.# #..........
#.##.# #[.........
##.##.###._..._....
#................#
########....8.._.#
#.........#
#.._.....#
#...._...#
##.#....##


You could see a hornet (combustible).

Vanquished Creatures
  Sigmund (D:3)
  3 steam dragons
  4 water moccasins
  A black bear (D:7)
  A sky beast (D:7)
  2 ice beasts
  A centaur (D:7)
  2 ogres
  2 kobold brigands
  A phantom (D:7)
  A bullfrog (D:7)
  A necrophage (D:7)
  3 killer bees (D:5)
  3 jellies
  3 iguanas
  3 orc wizards
  7 gnolls
  10 adders
  3 white imps
  3 worms
  A dart slug (D:1)
  17 orcs
  2 bats (D:3)
  6 endoplasms
  3 giant cockroaches
  5 goblins
  8 hobgoblins
  2 jackals (D:1)
  5 ball pythons
  5 frilled lizards
  17 kobolds
  6 rats
132 creatures vanquished.

Vanquished Creatures (collateral kills)
  A foxfire (D:6)
1 creature vanquished.

Vanquished Creatures (others)
  247 foxfires
  A fungus (D:6)
248 creatures vanquished.

Grand Total: 381 creatures vanquished

Notes
Turn   | Place    | Note
-------+----------+-------------------------------------------
     0 | D:1      | PyroL the Octopode Fire Elementalist began the quest for
                  | the Orb.
     0 | D:1      | Reached XP level 1. HP: 11/11 MP: 3/3
   317 | D:1      | Found a faded altar of an unknown god.
   533 | D:1      | Reached XP level 2. HP: 17/17 MP: 1/5
   594 | D:1      | Learned a level 2 spell: Scorch
   943 | D:1      | Reached skill level 4 in Fire Magic
  1156 | D:1      | Reached XP level 3. HP: 21/21 MP: 1/6
  1744 | D:2      | Reached XP level 4. HP: 27/27 MP: 0/7
  1835 | D:2      | Identified the +2 robe of Indomitability {rPois Str+4}
  2073 | D:2      | Reached skill level 5 in Fire Magic
  2158 | D:2      | Learned a level 3 spell: Inner Flame
  2340 | D:2      | Reached XP level 5. HP: 31/31 MP: 3/9
  2518 | D:3      | Noticed Sigmund
  2616 | D:3      | Reached skill level 1 in Hexes
  2769 | D:3      | Killed Sigmund
  2770 | D:3      | Reached XP level 6. HP: 25/36 MP: 5/11
  3407 | D:4      | Found Tumergh's Antique Armour Shoppe.
  3666 | D:4      | Bought a glowing hat for 189 gold pieces
  4154 | D:5      | Entered Level 5 of the Dungeon
  4228 | D:5      | Reached XP level 7. HP: 41/41 MP: 9/14
  4303 | D:5      | Reached skill level 5 in Spellcasting
  5074 | D:5      | Reached skill level 1 in Fighting
  5821 | D:6      | Learned a level 4 spell: Flame Wave
  5979 | D:6      | Reached XP level 8. HP: 51/51 MP: 11/16
  6179 | D:6      | Found an opulent altar of Gozag.
  6986 | D:6      | Reached skill level 6 in Fire Magic
  7288 | D:7      | Found a staircase to the Ecumenical Temple.
  7308 | D:7      | Reached XP level 9. HP: 45/59 MP: 3/17
  7321 | Temple   | Entered the Ecumenical Temple
  7428 | Temple   | Became a worshipper of Ashenzari the Shackled
  7811 | D:7      | Reached skill level 5 in Fighting
  7811 | D:7      | Reached skill level 7 in Fire Magic
  8022 | D:7      | Reached skill level 5 in Conjurations
  8172 | D:7      | Reached skill level 1 in Shields
  8240 | D:7      | Found a snail-covered altar of Cheibriados.
  8241 | D:7      | Found a stormy altar of Qazlal.
  8244 | D:7      | Found a glowing golden altar of the Shining One.
  8246 | D:7      | Found a bloodstained altar of Trog.
  8246 | D:7      | Found an iron altar of Okawaru.
  8267 | D:7      | Noticed a hornet
  8292 | D:7      | Paralysed by a hornet for 3 turns
  8297 | D:7      | HP: 3/61 [poisoned by a hornet]
  8297 | D:7      | Mangled by a hornet

Illustrated notes

Levels and vault maps discovered:
D:1:      reono_arrival_mine, layout_basic, shapermc_ecumenical_altar_petra
D:2:      layout_basic
D:3:      layout_basic, uniq_sigmund
D:4:      layout_loops_ring, dreamdust_wishing_well, minmay_shop_grid_forest
D:5:      layout_loops_cross, minivault_19
D:6:      kennysheep_steamy, layout_basic, grunt_gozag_statues
D:7:      kennysheep_six_static_rooms, layout_basic, grunt_temple_overflow_open,
          minmay_temple_entry_large_hall
Temple:   kb_temple_of_zot

Skill      XL: |  1  2  3  4  5  6  7  8  9 |
---------------+----------------------------+-----
Fire Magic     | 4 5 6 7 |  7.6
Hexes          | 2 3 |  3.0
Spellcasting   | 3 4 5 |  5.7
Fighting       | 2 4 5 |  5.4
Conjurations   | 4 5 |  5.4
Shields        | 1 |  1.7
Dodging        | |  2.0
Stealth        | |  2.6

Action                   |  1- 3 |  4- 6 |  7- 9 || total
-------------------------+-------+-------+-------++-------
Melee: Unarmed           |     9 |       |       ||     9
       Constrict         |     2 |     3 |    15 ||    20
       Dagger            |     2 |    16 |    45 ||    63
       Tentacles         |     2 |     3 |    12 ||    17
       Punch             |       |       |     1 ||     1
Throw: Dart              |       |       |     2 ||     2
 Cast: Foxfire           |    45 |    54 |    59 ||   158
       Scorch            |     9 |    27 |    75 ||   111
       Inner Flame       |       |       |     1 ||     1
  Use: Scroll            |     1 |     3 |     4 ||     8
       Potion            |       |       |     1 ||     1
 Stab: Sleeping          |       |     1 |     1 ||     2
Armor: Skin              |     1 |       |    24 ||    25
Dodge: Dodged            |     6 |     6 |    68 ||    80
Block: Buckler           |       |       |     1 ||     1

Table legend: (Time is in decaauts)
 A = Elapsed time spent in this place.
 B = Non-inter-level travel time spent in this place.
 C = Inter-level travel time spent in this place.
 D = Time resting spent in this place.
 E = Time spent auto-exploring this place.
 F = Levels seen in this place.
 G = Mean time per level.
                   A        B        C        D        E       F      G
               +--------+--------+--------+--------+--------+-----+--------+
         Total |   8301 |   7916 |    385 |    880 |   5942 |   8 | 1037.6 |
       Dungeon |   8114 |   7744 |    370 |    847 |   5823 |   7 | 1159.1 |
        Temple |    187 |    172 |     15 |     33 |    119 |   1 |  187.0 |
               +--------+--------+--------+--------+--------+-----+--------+

Top non-repeatable levels by time:
     D:6: 1753 daAuts
     D:1: 1483 daAuts
     D:5: 1168 daAuts
     D:2: 1140 daAuts
     D:7: 1013 daAuts
     D:4: 804 daAuts
     D:3: 750 daAuts
  Temple: 187 daAuts
